[ AOE2 MATCH · #493776222 ]
UnrankedBengalis vs Teutons
Player's team · LOSS
Rival team · WIN
[ REPLAY ANALYSIS · EXTRACTED FROM THE RECORDED GAME ]
Feudal
10:12
Castle
16:08
Imperial
38:22
| APM avg | 46.2 |
| APM peak | 88 |
| eAPM avg | 28.3 |
| Villagers / military | 170 / 80 |
Focus
⚔️ 37.3% · 🌾 62.7%
Skirmisher ×35 · Elephant Archer ×29 · Spearman ×9 · Scorpion ×4 · Mangonel ×3
Feudal
8:30
Castle
22:56
Imperial
35:23
| APM avg | 55.8 |
| APM peak | 121 |
| eAPM avg | 31.5 |
| Villagers / military | 186 / 102 |
Focus
⚔️ 28.6% · 🌾 71.4%
Spearman ×70 · Hand Cannoneer ×12 · Trebuchet (Packed) ×7 · Teutonic Knight ×5 · Mangonel ×3 · Monk ×2
Match map
Initial resources + every placement click. Lines = walls · curves = elevation contours. ◆ gold · ⬟ stone · ● berries · ✦ relic · ◌ wall gap
Your base· ✓ Closed at 16:08 · 50t walls · 3 gate(s)
雨夜擒蛟龙's base· ✓ Closed at 22:56 · 0t walls · 2 gate(s)
Smoothed initial terrain · ◌ = detected wall gap · hover for details
Inputs per minute
— machpatel - - 雨夜擒蛟龙
Build order — machpatel
First 150 of 347 actions detected
| 0:02 | Create | Villager (Male) |
| 0:02 | Create | Villager (Male) |
| 0:03 | Build | House |
| 0:05 | Build | House |
| 0:06 | Create | Villager (Male) |
| 0:11 | Create | Villager (Male) |
| 1:29 | Create | Villager (Male) |
| 2:05 | Create | Villager (Male) |
| 2:06 | Create | Villager (Male) |
| 2:09 | Build | Lumber Camp |
| 2:51 | Create | Villager (Male) |
| 2:52 | Create | Villager (Male) |
| 3:11 | Create | Villager (Male) |
| 3:23 | Create | Villager (Male) |
| 3:28 | Build | House |
| 3:32 | Build | House |
| 3:53 | Create | Villager (Male) |
| 3:53 | Create | Villager (Male) |
| 4:16 | Create | Villager (Male) |
| 4:27 | Build | House |
| 4:55 | Create | Villager (Male) |
| 4:56 | Create | Villager (Male) |
| 5:19 | Build | Mill |
| 5:32 | Create | Villager (Male) |
| 5:32 | Create | Villager (Male) |
| 5:40 | Create | Villager (Male) |
| 5:40 | Create | Villager (Male) |
| 6:10 | Create | Villager (Male) |
| 6:32 | Create | Villager (Male) |
| 6:56 | Create | Villager (Male) |
| 6:56 | Create | Villager (Male) |
| 6:57 | Create | Villager (Male) |
| 7:07 | Create | Villager (Male) |
| 7:13 | Research | Loom |
| 7:19 | Build | Mining Camp |
| 8:02 | Research | Feudal Age |
| 8:33 | Create | Villager (Male) |
| 8:44 | Build | Palisade Wall |
| 8:54 | Build | Palisade Wall |
| 9:42 | Build | House |
| 9:48 | Build | Palisade Wall |
| 9:54 | Build | Palisade Wall |
| 10:12 | Age | Feudal Age |
| 10:17 | Build | Watch Tower |
| 10:45 | Build | Blacksmith |
| 10:53 | Build | Market |
| 10:56 | Create | Villager (Male) |
| 11:38 | Build | House |
| 12:07 | Build | House |
| 12:16 | Build | Palisade Wall |
| 13:28 | Research | Castle Age |
| 13:56 | Build | House |
| 14:00 | Build | House |
| 14:12 | Build | Palisade Wall |
| 14:17 | Build | Palisade Wall |
| 14:21 | Build | Palisade Wall |
| 14:25 | Build | Palisade Wall |
| 14:27 | Build | Palisade Wall |
| 14:29 | Build | Palisade Wall |
| 14:32 | Build | Palisade Wall |
| 14:36 | Build | Palisade Wall |
| 14:44 | Build | Palisade Gate |
| 14:49 | Create | Villager (Male) |
| 15:40 | Build | Stone Wall |
| 15:42 | Build | Stone Wall |
| 15:50 | Build | Stone Wall |
| 16:05 | Build | Market |
| 16:08 | Age | Castle Age |
| 16:21 | Build | Siege Workshop |
| 16:25 | Build | Stone Wall |
| 16:27 | Create | Villager (Male) |
| 16:52 | Create | Mangonel |
| 16:52 | Create | Mangonel |
| 16:58 | Create | Villager (Male) |
| 16:59 | Create | Villager (Male) |
| 17:21 | Build | Farm |
| 17:38 | Create | Villager (Male) |
| 17:39 | Build | Farm |
| 17:40 | Create | Villager (Male) |
| 18:15 | Build | Farm |
| 18:20 | Create | Villager (Male) |
| 18:20 | Create | Villager (Male) |
| 18:44 | Create | Scorpion |
| 18:48 | Create | Mangonel |
| 19:24 | Create | Villager (Male) |
| 19:25 | Create | Villager (Male) |
| 20:13 | Build | Farm |
| 20:14 | Build | Farm |
| 20:17 | Create | Villager (Male) |
| 20:18 | Create | Villager (Male) |
| 20:51 | Create | Villager (Male) |
| 20:51 | Create | Villager (Male) |
| 20:53 | Build | Farm |
| 21:53 | Build | House |
| 22:18 | Create | Scorpion |
| 22:19 | Create | Villager (Male) |
| 22:25 | Build | House |
| 22:46 | Create | Villager (Male) |
| 22:49 | Build | House |
| 23:10 | Create | Villager (Male) |
| 23:17 | Build | Lumber Camp |
| 23:19 | Build | Farm |
| 23:28 | Build | House |
| 23:41 | Build | Gate |
| 23:44 | Create | Villager (Male) |
| 23:55 | Build | Town Center |
| 24:05 | Create | Villager (Male) |
| 24:14 | Research | Double-Bit Axe |
| 24:42 | Build | Farm |
| 24:43 | Build | Farm |
| 24:45 | Build | Farm |
| 24:46 | Create | Villager (Male) |
| 24:46 | Create | Villager (Male) |
| 25:00 | Create | Villager (Male) |
| 25:06 | Build | Town Center |
| 25:08 | Build | House |
| 25:19 | Build | Farm |
| 25:20 | Create | Villager (Male) |
| 25:30 | Research | Horse Collar |
| 25:47 | Build | Farm |
| 25:47 | Build | Farm |
| 25:48 | Build | Farm |
| 25:48 | Build | Farm |
| 25:48 | Build | Farm |
| 25:48 | Build | Farm |
| 25:52 | Create | Villager (Male) |
| 26:11 | Build | Outpost |
| 26:12 | Create | Villager (Male) |
| 26:13 | Create | Villager (Male) |
| 26:14 | Create | Scorpion |
| 26:14 | Create | Scorpion |
| 26:18 | Build | Farm |
| 26:31 | Create | Villager (Male) |
| 26:34 | Build | Farm |
| 26:34 | Build | Farm |
| 26:34 | Build | Farm |
| 26:34 | Build | Farm |
| 26:35 | Build | Farm |
| 26:40 | Build | Farm |
| 26:41 | Build | Farm |
| 26:43 | Create | Villager (Male) |
| 26:45 | Build | Farm |
| 26:46 | Build | Farm |
| 26:52 | Create | Villager (Male) |
| 26:54 | Build | House |
| 26:56 | Build | House |
| 27:00 | Build | Farm |
| 27:02 | Create | Villager (Male) |
| 27:04 | Build | Farm |
| 27:13 | Create | Villager (Male) |
Build order — 雨夜擒蛟龙
First 150 of 497 actions detected
| 0:00 | Create | Villager (Male) |
| 0:01 | Create | Villager (Male) |
| 0:01 | Create | Villager (Male) |
| 0:02 | Build | House |
| 0:03 | Build | House |
| 0:09 | Create | Villager (Male) |
| 0:09 | Create | Villager (Male) |
| 1:13 | Create | Villager (Male) |
| 1:13 | Create | Villager (Male) |
| 1:13 | Create | Villager (Male) |
| 1:50 | Build | Lumber Camp |
| 1:52 | Create | Villager (Male) |
| 1:52 | Create | Villager (Male) |
| 1:52 | Create | Villager (Male) |
| 2:32 | Create | Villager (Male) |
| 2:32 | Create | Villager (Male) |
| 2:33 | Create | Villager (Male) |
| 2:48 | Create | Villager (Male) |
| 2:48 | Create | Villager (Male) |
| 3:01 | Create | Villager (Male) |
| 3:01 | Create | Villager (Male) |
| 3:01 | Create | Villager (Male) |
| 3:20 | Create | Villager (Male) |
| 3:21 | Create | Villager (Male) |
| 3:36 | Build | House |
| 3:41 | Create | Villager (Male) |
| 3:41 | Create | Villager (Male) |
| 3:41 | Create | Villager (Male) |
| 4:12 | Create | Villager (Male) |
| 4:31 | Build | Mill |
| 4:33 | Create | Villager (Male) |
| 4:33 | Create | Villager (Male) |
| 4:34 | Create | Villager (Male) |
| 5:12 | Create | Villager (Male) |
| 5:20 | Create | Villager (Male) |
| 5:50 | Create | Villager (Male) |
| 6:20 | Research | Feudal Age |
| 6:20 | Research | Feudal Age |
| 6:42 | Research | Loom |
| 6:42 | Research | Loom |
| 6:53 | Build | Mining Camp |
| 7:02 | Build | Mining Camp |
| 7:50 | Build | House |
| 8:30 | Age | Feudal Age |
| 8:32 | Create | Villager (Male) |
| 8:33 | Research | Double-Bit Axe |
| 8:34 | Research | Double-Bit Axe |
| 8:39 | Build | Watch Tower |
| 9:03 | Create | Villager (Male) |
| 9:12 | Research | Horse Collar |
| 9:13 | Research | Horse Collar |
| 9:39 | Create | Villager (Male) |
| 10:11 | Create | Villager (Male) |
| 10:39 | Build | Outpost |
| 10:47 | Build | Watch Tower |
| 10:51 | Create | Villager (Male) |
| 10:51 | Create | Villager (Male) |
| 10:51 | Create | Villager (Male) |
| 11:07 | Create | Villager (Male) |
| 11:08 | Create | Villager (Male) |
| 11:08 | Create | Villager (Male) |
| 11:34 | Build | Farm |
| 11:45 | Create | Villager (Male) |
| 11:51 | Build | House |
| 12:11 | Create | Villager (Male) |
| 12:15 | Build | Farm |
| 12:16 | Build | Farm |
| 12:39 | Create | Villager (Male) |
| 12:48 | Build | Watch Tower |
| 13:00 | Create | Villager (Male) |
| 13:14 | Create | Villager (Male) |
| 13:26 | Create | Villager (Male) |
| 13:51 | Research | Town Watch |
| 13:53 | Build | House |
| 14:10 | Create | Villager (Male) |
| 14:28 | Build | Farm |
| 14:40 | Create | Villager (Male) |
| 15:09 | Build | House |
| 15:10 | Create | Villager (Male) |
| 15:21 | Build | Watch Tower |
| 15:40 | Create | Villager (Male) |
| 15:42 | Build | Blacksmith |
| 16:04 | Create | Villager (Male) |
| 16:23 | Create | Villager (Male) |
| 16:38 | Build | Market |
| 16:55 | Build | Outpost |
| 16:59 | Create | Villager (Male) |
| 17:01 | Build | Farm |
| 17:22 | Create | Villager (Male) |
| 17:25 | Build | Farm |
| 17:38 | Build | Farm |
| 17:39 | Build | Farm |
| 17:47 | Create | Villager (Male) |
| 17:49 | Build | House |
| 18:15 | Build | Outpost |
| 18:16 | Create | Villager (Male) |
| 18:19 | Build | Farm |
| 18:22 | Build | Mining Camp |
| 18:37 | Create | Villager (Male) |
| 18:53 | Create | Villager (Male) |
| 19:11 | Create | Villager (Male) |
| 19:28 | Build | Farm |
| 19:34 | Build | Farm |
| 19:34 | Build | Farm |
| 20:16 | Research | Castle Age |
| 20:16 | Research | Castle Age |
| 20:16 | Research | Castle Age |
| 20:35 | Build | Barracks |
| 21:14 | Create | Villager (Male) |
| 21:33 | Build | Stable |
| 22:43 | Create | Scout Cavalry |
| 22:44 | Create | Scout Cavalry |
| 22:46 | Build | House |
| 22:56 | Age | Castle Age |
| 22:59 | Create | Villager (Male) |
| 23:02 | Create | Knight |
| 23:07 | Build | Town Center |
| 23:11 | Build | House |
| 23:39 | Build | Town Center |
| 23:42 | Create | Villager (Male) |
| 23:59 | Create | Villager (Male) |
| 24:06 | Build | Monastery |
| 24:15 | Research | Bow Saw |
| 24:16 | Research | Bow Saw |
| 24:16 | Research | Bow Saw |
| 24:34 | Create | Villager (Male) |
| 24:39 | Create | Villager (Male) |
| 24:40 | Create | Villager (Male) |
| 24:40 | Build | Farm |
| 24:41 | Build | Farm |
| 24:41 | Build | Farm |
| 24:41 | Build | Farm |
| 24:41 | Build | Farm |
| 24:41 | Build | Farm |
| 24:43 | Create | Villager (Male) |
| 24:43 | Create | Villager (Male) |
| 24:57 | Create | Monk |
| 25:00 | Build | Farm |
| 25:03 | Create | Villager (Male) |
| 25:03 | Create | Villager (Male) |
| 25:03 | Create | Villager (Male) |
| 25:09 | Build | Farm |
| 25:16 | Create | Villager (Male) |
| 25:16 | Create | Villager (Male) |
| 25:16 | Create | Villager (Male) |
| 25:20 | Build | Farm |
| 25:32 | Build | Farm |
| 25:33 | Build | Farm |
| 25:37 | Create | Villager (Male) |
| 25:37 | Create | Villager (Male) |
Match timeline
| 8:30 | 雨夜擒蛟龙 · age_up feudal |
| 8:44 | machpatel · wall_segment Palisade Wall x12 |
| 8:54 | machpatel · wall_segment Palisade Wall x6 |
| 9:48 | machpatel · wall_segment Palisade Wall x5 |
| 9:54 | machpatel · wall_segment Palisade Wall x11 |
| 10:12 | machpatel · age_up feudal |
| 11:54 | machpatel · first_market_sell 100 wood |
| 12:16 | machpatel · wall_segment Palisade Wall x4 |
| 14:12 | machpatel · wall_segment Palisade Wall x1 |
| 14:17 | machpatel · wall_segment Palisade Wall x1 |
| 14:21 | machpatel · wall_segment Palisade Wall x1 |
| 14:25 | machpatel · wall_segment Palisade Wall x1 |
| 14:27 | machpatel · wall_segment Palisade Wall x1 |
| 14:29 | machpatel · wall_segment Palisade Wall x1 |
| 14:32 | machpatel · wall_segment Palisade Wall x1 |
| 14:36 | machpatel · wall_segment Palisade Wall x1 |
| 15:40 | machpatel · wall_segment Stone Wall x1 |
| 15:42 | machpatel · wall_segment Stone Wall x1 |
| 15:50 | machpatel · wall_segment Stone Wall x3 |
| 16:08 | machpatel · age_up castle |
| 16:21 | machpatel · first_building Siege Workshop |
| 16:25 | machpatel · wall_segment Stone Wall x1 |
| 16:58 | machpatel · first_market_buy 100 food |
| 19:20 | 雨夜擒蛟龙 · first_market_sell 100 wood |
| 19:52 | 雨夜擒蛟龙 · first_market_buy 100 food |
| 20:35 | 雨夜擒蛟龙 · first_building Barracks |
| 21:33 | 雨夜擒蛟龙 · first_building Stable |
| 22:56 | 雨夜擒蛟龙 · age_up castle |
| 24:06 | 雨夜擒蛟龙 · first_building Monastery |
| 27:33 | 雨夜擒蛟龙 · first_building Siege Workshop |
| 29:21 | machpatel · first_building Barracks |
| 30:03 | 雨夜擒蛟龙 · first_building Castle |
| 33:31 | machpatel · first_building Archery Range |
| 33:43 | 雨夜擒蛟龙 · first_building Archery Range |
| 34:44 | machpatel · wall_segment Stone Wall x1 |
| 35:23 | 雨夜擒蛟龙 · age_up imperial |
| 38:22 | machpatel · age_up imperial |
| 39:46 | machpatel · first_building Castle |
| 40:32 | machpatel · resign |
[ AI ANALYSIS · 1 CREDIT ]
What really happened in this match?
Wolo.gg analyzes every decision: build order, eco, micro, common mistakes by bracket. Personalized analysis on WhatsApp or Discord in 30 seconds.
Civ guide
Bengalis
Perfil
machpatel